 Dungeon Crawl Stone Soup version 0.32-a0-799-g95e1662365 (webtiles) character file.

Game seed: 4896464389717112057

151 javelincjr the Conjurer (level 4, -5/33 HPs)
             Began as a Demigod Conjurer on Mar 21, 2024.
             Slain by an ogre
             ... wielding a +0 giant spiked club
              (16 damage)
             ... on level 4 of the Dungeon.
             The game lasted 00:06:21 (2975 turns).

javelincjr the Conjurer (Demigod Conjurer)          Turns: 2975, Time: 00:06:21

Health: -5/33      AC:  6    Str:  8    XL:     4   Next: 85%
Magic:  20/20      EV: 10    Int: 30    God:
Gold:   153        SH:  3    Dex: 12    Spells: 5/8 levels left

rFire   . . .        k - +2 short sword (distort)
rCold   . . .        r - +0 buckler
rNeg    . . .        y - +2 robe {Will+}
rPois   .            n - +0 helmet
rElec   .            q - +0 cloak
rCorr   .            (no gloves)
SInv    .            (no boots)
Will    +....        (no amulet)
Stlth   ++           m - ring of magical power
HPRegen 0.25/turn    A - +6 ring of intelligence
MPRegen 0.17/turn

%: no passive effects
@: no status effects
A: high MP 1, forlorn, divine attributes
a: no special abilities


You were on level 4 of the Dungeon.
You visited 1 branch of the dungeon, and saw 4 of its levels.

You collected 153 gold pieces.

Inventory:

Hand Weapons
 k - a +2 short sword of distortion (weapon)
 B - a +0 rapier of draining
 F - a +2 short sword of flaming
Missiles
 d - 11 poisoned darts
 o - a throwing net
Armour
 n - a +0 helmet (worn)
 q - a +0 cloak (worn)
 r - a +0 buckler (worn)
 y - a +2 robe of willpower (worn)
 z - a +2 chain mail of fire resistance
Jewellery
 m - a ring of magical power (left hand)
 t - a ring of poison resistance
 A - a +6 ring of intelligence (right hand)
Wands
 a - a wand of polymorph (4)
 w - a wand of flame (28)
 C - a wand of roots (7)
Scrolls
 c - 3 scrolls of identify {unknown}
 e - 2 scrolls of noise {unknown}
 f - a scroll of blinking {unknown}
 g - a scroll of amnesia {unknown}
 h - a scroll of immolation {unknown}
 j - 3 scrolls of teleportation {unknown}
 l - a scroll of fear {unknown}
 v - a scroll of fog {unknown}
 x - a scroll of silence {unknown}
Potions
 b - a potion of magic
 i - 5 potions of curing {unknown}
 p - a potion of cancellation {unknown}
 s - a potion of resistance {unknown}
 u - a potion of heal wounds {unknown}
 D - a potion of ambrosia {unknown}
 E - a potion of degeneration {unknown}


   Skills:
 + Level 2.5 Dodging
 + Level 2.7 Stealth
 * Level 2.9 Spellcasting
 * Level 4.4 Conjurations


You had 5 spell levels left.
You knew the following spells:

 Your Spells              Type           Power      Damage    Failure   Level
a - Magic Dart            Conj           100%       1d8       1%          1
b - Searing Ray           Conj           62%        2d6       2%          2

Your spell library contained the following spells:

 Spells                   Type           Power      Damage    Failure   Level
 Momentum Strike          Conj/Tloc      34%        3d8       7%          2
 Blink                    Tloc           8%         N/A       19%         2
 Lesser Beckoning         Tloc           8%         N/A       19%         2
 Mercury Vapours          Alch/Air       8%         N/A       19%         2
 Mephitic Cloud           Conj/Alch/Air  13%        N/A       19%         3
 Inner Flame              Hex/Fire       4%         N/A       34%         3
 Flame Wave               Conj/Fire      17%        2d7       43%         4
 Fulminant Prism          Conj/Alch      8%         3d7       43%         4
 Iskenderun's Mystic Bla  Conj/Tloc      17%        2d5       43%         4
 Sticky Flame             Fire/Alch      4%         2d4       75%         4
 Freezing Cloud           Conj/Ice/Air   6%         6-21      87%         5


Dungeon Overview and Level Annotations

Branches:
Dungeon (4/15)
 Temple: D:4-7

Shops:
D:1 [


Innate Abilities, Weirdness & Mutations

You have an increased reservoir of magic. (+10% MP)
You shall have no god before yourself.
Your divine heritage dramatically boosts your attributes as you level up.


Message History

You barely miss the bombardier beetle.
The bombardier beetle is severely wounded.
The bombardier beetle bites you.
You hit the bombardier beetle.
The bombardier beetle is almost dead.
The bombardier beetle blinks!
HP restored.
The goblin shouts!
The goblin hits you with a +0 club.
You closely miss the goblin. The goblin barely misses you.
You hit the goblin.
You kill the goblin!
You barely miss the bombardier beetle.
The bombardier beetle is almost dead.
The bombardier beetle closely misses you.
You hit the bombardier beetle.
You kill the bombardier beetle!
No target in view!
Magic restored.
Things that are here:
a +0 club; a goblin corpse
E - a viscous amethyst potion You see here a +0 leather armour of willpower.
An ogre comes into view. It is wielding a +0 giant spiked club.
You see here a +2 short sword of flaming.
F - a +2 short sword of flaming The ogre shouts!
You hit the ogre.
Space warps around the ogre.
The ogre is lightly wounded.
The ogre closely misses you.
You hit the ogre.
Space warps around the ogre.
The ogre is moderately wounded.
The ogre hits you with a +0 giant spiked club!!
Ouch! That really hurt!
You closely miss the ogre.
The ogre is moderately wounded.
You hit the ogre.
Space warps around the ogre.
The ogre is heavily wounded.
The ogre hits you with a +0 giant spiked club!
You die...

## #. #. ####. ###
# # .....## #.#
..#.##....## #.#
.......##..####.#
................#
####...@####...##
####O##....#### #
#.##.##....## ..#
#.##. ####..# ##..
#..#.# ##.# ...#
###.... #.##.###
...##..# #.......
#.##..# ###.####
#..#..######..####


You could see an ogre.

Vanquished Creatures
  A bombardier beetle (D:4)
  Ijyb (D:3)
  3 gnolls (D:3)
  2 adders (D:2)
  2 dart slugs
  6 ball pythons
  4 endoplasms
  3 giant cockroaches
  3 goblins
  4 hobgoblins
  2 quokkas (D:1)
  2 bats
  A frilled lizard (D:3)
  5 kobolds
  3 rats
42 creatures vanquished.

Notes
Turn   | Place    | Note
-------+----------+-------------------------------------------
     0 | D:1      | javelincjr the Demigod Conjurer began the quest for the
                  | Orb.
     0 | D:1      | Reached XP level 1. HP: 14/14 MP: 5/5
   269 | D:1      | Reached XP level 2. HP: 20/20 MP: 0/7
   365 | D:1      | You fall into a shaft and drop 1 floor!
   605 | D:1      | Found Buotar's Armour Shoppe.
  1401 | D:2      | Reached XP level 3. HP: 25/26 MP: 8/8
  1408 | D:2      | Learned a level 2 spell: Searing Ray
  1560 | D:2      | Reached skill level 4 in Conjurations
  2210 | D:3      | Noticed an angel
  2243 | D:3      | Reached XP level 4. HP: 33/33 MP: 10/10
  2386 | D:3      | Noticed Ijyb
  2398 | D:3      | Killed Ijyb
  2968 | D:4      | Noticed an ogre
  2975 | D:4      | Slain by an ogre

Illustrated notes

Levels and vault maps discovered:
D:1:      nagdon_arrival_zigzag_paths, layout_basic, serial_shops,
          nicolae_shop_statue_plus
D:2:      layout_basic, basic_ecumenical_altar
D:3:      layout_loops_ring, zin_angel, lemuel_crystal_altar,
          mainiacjoe_overflow_paths, uniq_ijyb
D:4:      minmay_clustersquares, layout_rooms, nicolae_ru_sacrificial_ziggurat,
          minmay_misc_feat_x, serial_park_tiny_1, serial_bayou_lagoon_b

Skill      XL: |  1  2  3 |
---------------+----------+-----
Stealth        | 2 |  2.7
Dodging        | 2 |  2.5
Spellcasting   | 2 |  2.9
Conjurations   | 4 |  4.4

Action                     |  1- 3 |  4- 6 || total
---------------------------+-------+-------++-------
  Melee: Short sword       |    54 |    22 ||    76
   Cast: Magic Dart        |    19 |       ||    19
         Searing Ray       |     1 |       ||     1
   Stab: Sleeping          |     2 |     2 ||     4
 Armour: Robe              |    34 |    10 ||    44
  Dodge: Dodged            |    32 |     7 ||    39
  Block: Buckler           |     5 |       ||     5

Table legend: (Time is in decaauts)
 A = Elapsed time spent in this place.
 B = Non-inter-level travel time spent in this place.
 C = Inter-level travel time spent in this place.
 D = Time resting spent in this place.
 E = Time spent auto-exploring this place.
 F = Levels seen in this place.
 G = Mean time per level.
                   A        B        C        D        E       F      G
               +--------+--------+--------+--------+--------+-----+--------+
         Total |   2974 |   2727 |    247 |      0 |   2287 |   4 |  743.5 |
       Dungeon |   2974 |   2727 |    247 |      0 |   2287 |   4 |  743.5 |
               +--------+--------+--------+--------+--------+-----+--------+

Top non-repeatable levels by time:
     D:1: 1219 daAuts
     D:3: 835 daAuts
     D:2: 775 daAuts
     D:4: 145 daAuts
